[Event "Slovakia Open 2022"]
[Site "Bratislava"]
[Date "2022.10.01"]
[Round "4.26"]
[White "Shykhnenko, Hryhorii"]
[Black "Durovka, Stefan"]
[Result "1-0"]
[ECO "B00"]
[WhiteElo "1317"]
[BlackElo "1783"]
[Annotator "NA RC COMBH"]
[PlyCount "97"]
[EventDate "2022.09.30"]
[EventCountry "SVK"]
[SourceTitle "playchess.com"]
[Source "ChessBase"]
[SourceQuality "1"]
[TimeControl "2700+10"]

1. e4 d6 2. d4 Nc6 3. Bb5 Bd7 4. Nf3 a6 5. Ba4 b5 6. Bb3 e6 7. Nc3 Na5 8. O-O h6 9. Re1 Be7 10. Bf4 Nxb3 11. axb3 c6 12. Ne2 Qc7 13. c3 Nf6 14. e5 Nd5 15. exd6 Bxd6 16. Bxd6 Qxd6 17. b4 O-O 18. Ng3 Nf6 19. Nd2 Qc7 20. Nge4 Nxe4 21. Nxe4 a5 22. bxa5 Rxa5 23. b4 Raa8 24. Qf3 Rxa1 25. Rxa1 f5 26. Nc5 Bc8 27. Qe2 Re8 28. Ra8 Kh7 29. c4 e5 30. cxb5 cxb5 31. f4 e4 32. g3 Rd8 33. Qd2 Rd6 34. Ra5 Bd7 35. Kf2 Bc6 36. Ke3 Qd8 37. Qc3 Rg6 38. Nb3 Qd5 39. Nd2 h5 40. Qc5 Qd8 41. Qxf5 Kh6 42. Nxe4 Bxe4 43. Kxe4 Qe7+ 44. Kd3 Qxb4 45. Rxb5 Qa3+ 46. Ke4 Qa8+ 47. Qd5 Re6+ 48. Kf3 Qa3+ 49. Kg2 1-0

[Event "Slovakia Open 2022"]
[Site "Bratislava"]
[Date "2022.10.01"]
[Round "4.27"]
[White "Melih, Mario"]
[Black "Dolnik, Michal"]
[Result "1-0"]
[ECO "A39"]
[WhiteElo "1633"]
[BlackElo "1485"]
[Annotator "NA RC COMBH"]
[PlyCount "71"]
[EventDate "2022.09.30"]
[EventCountry "SVK"]
[SourceTitle "playchess.com"]
[Source "ChessBase"]
[SourceQuality "1"]
[TimeControl "2700+10"]

1. Nf3 Nf6 2. c4 c5 3. g3 g6 4. Bg2 Bg7 5. Nc3 Nc6 6. O-O O-O 7. d4 cxd4 8. Nxd4 Nxd4 9. Qxd4 d6 10. e4 Be6 11. Qd3 Rc8 12. b3 Nd7 13. Bb2 Nc5 14. Qd2 Qd7 15. Rfe1 Bh3 16. Bxh3 Qxh3 17. Nd5 Rfe8 18. Bxg7 Kxg7 19. Qd4+ Kg8 20. b4 Ne6 21. Qxa7 Ng5 22. Qe3 Qh5 23. Rec1 Qg4 24. f4 Ne6 25. Kg2 Ra8 26. a4 Ra6 27. a5 Rc6 28. b5 Rc5 29. a6 bxa6 30. bxa6 Ra8 31. a7 Kg7 32. Nb6 Re8 33. a8=Q Rxa8 34. Rxa8 Rc6 35. Nd5 Rc5 36. Qf3 1-0

[Event "Slovakia Open 2022"]
[Site "Bratislava"]
[Date "2022.10.01"]
[Round "4.28"]
[White "Tomcikova, Zuzana"]
[Black "Hlavac, Tomas"]
[Result "1-0"]
[ECO "A05"]
[WhiteElo "1796"]
[BlackElo "1554"]
[Annotator "NA RC COMBH"]
[PlyCount "81"]
[EventDate "2022.09.30"]
[EventCountry "SVK"]
[SourceTitle "playchess.com"]
[Source "ChessBase"]
[SourceQuality "1"]
[TimeControl "2700+10"]

1. Nf3 Nf6 2. g3 g6 3. Bg2 Bg7 4. O-O d6 5. d3 O-O 6. e4 Bg4 7. h3 Bxf3 8. Qxf3 c6 9. c3 Nbd7 10. Qe2 Rc8 11. Nd2 b5 12. d4 Qc7 13. Nf3 e5 14. Qc2 Rfe8 15. Bg5 a5 16. Bxf6 Bxf6 17. Rad1 Rb8 18. b3 Bg7 19. Rfe1 Nf6 20. dxe5 dxe5 21. Bf1 Rbd8 22. c4 b4 23. c5 Qe7 24. h4 Nd7 25. Rc1 Bf8 26. Bc4 h6 27. h5 g5 28. Rcd1 Nxc5 29. Kg2 Bg7 30. Rd2 Rxd2 31. Nxd2 Ne6 32. Bxe6 Qxe6 33. Rc1 Rc8 34. Nc4 a4 35. bxa4 Bf8 36. Nb6 Rb8 37. a5 Be7 38. Qxc6 Qxc6 39. Rxc6 Bd8 40. Rxh6 Kf8 41. Nd7+ 1-0

[Event "Slovakia Open 2022"]
[Site "Bratislava"]
[Date "2022.10.01"]
[Round "4.29"]
[White "Matejka, Simon"]
[Black "Slivka, Vasil"]
[Result "1-0"]
[ECO "C30"]
[WhiteElo "1422"]
[BlackElo "1569"]
[Annotator "NA RC COMBH"]
[PlyCount "71"]
[EventDate "2022.09.30"]
[EventCountry "SVK"]
[SourceTitle "playchess.com"]
[Source "ChessBase"]
[SourceQuality "1"]
[TimeControl "2700+10"]

1. e4 e5 2. Nc3 Nf6 3. f4 d6 4. Nf3 Nc6 5. Bb5 Bg4 6. O-O a6 7. Bxc6+ bxc6 8. h3 Bxf3 9. Qxf3 Be7 10. d3 O-O 11. f5 Kh8 12. g4 Ne8 13. Rf2 g5 14. Rg2 f6 15. Ne2 Rf7 16. Ng3 Ng7 17. Be3 Rb8 18. b3 c5 19. Kh2 c6 20. Rag1 d5 21. Nh5 Nxh5 22. gxh5 h6 23. h4 d4 24. Bd2 Rg7 25. Rf2 Kh7 26. Rg3 Qc7 27. hxg5 fxg5 28. f6 Rf7 29. Qf5+ Kh8 30. Qg6 Bf8 31. Rf5 Rb7 32. Bxg5 hxg5 33. Rgxg5 Bg7 34. fxg7+ Kg8 35. h6 Rxg7 36. h7+ 1-0

[Event "Slovakia Open 2022"]
[Site "Bratislava"]
[Date "2022.10.01"]
[Round "4.30"]
[White "Merva Max"]
[Black "Migalko, Dmitriy"]
[Result "0-1"]
[ECO "B40"]
[WhiteElo "1000"]
[BlackElo "1528"]
[Annotator "NA RC COMBH"]
[PlyCount "85"]
[EventDate "2022.09.30"]
[EventCountry "SVK"]
[SourceTitle "playchess.com"]
[Source "ChessBase"]
[SourceQuality "1"]
[TimeControl "2700+10"]

1. e4 c5 2. Nf3 e6 3. Nc3 Nc6 4. Bb5 d5 5. e5 Be7 6. d3 d4 7. Ne4 Qa5+ 8. Qd2 Qxb5 9. O-O Nh6 10. Qd1 Ng4 11. Bg5 Ngxe5 12. Bxe7 Nxf3+ 13. Qxf3 Kxe7 14. Qg4 Rg8 15. Qg5+ Kf8 16. c4 dxc3 17. bxc3 Bd7 18. Rfb1 Qxd3 19. Qd2 Qxd2 20. Nxd2 b6 21. Re1 Ke7 22. f4 f6 23. f5 e5 24. g4 Rad8 25. a4 Bxf5 26. Red1 Bxg4 27. Rdc1 Rxd2 28. h3 Bf3 29. h4 Rg2+ 30. Kf1 Rd8 31. Rd1 Rxd1+ 32. Rxd1 Bxd1 33. Kxg2 Bxa4 34. c4 e4 35. Kf2 Nd4 36. Ke3 Bc2 37. h5 Nf5+ 38. Kf4 e3 39. Kf3 Bd1+ 40. Ke4 e2 41. Kxf5 e1=Q 42. h6 g6+ 43. Kf4 0-1

[Event "Slovakia Open 2022"]
[Site "Bratislava"]
[Date "2022.10.01"]
[Round "4.31"]
[White "Pasti, Zsombor"]
[Black "Nosal, Tobias"]
[Result "1-0"]
[ECO "B33"]
[WhiteElo "1884"]
[BlackElo "1601"]
[Annotator "NA RC COMBH"]
[PlyCount "63"]
[EventDate "2022.09.30"]
[EventCountry "SVK"]
[SourceTitle "playchess.com"]
[Source "ChessBase"]
[SourceQuality "1"]
[TimeControl "2700+10"]

1. e4 c5 2. Nf3 Nc6 3. d4 cxd4 4. Nxd4 Nf6 5. Nc3 e5 6. Ndb5 d6 7. Nd5 Nxd5 8. exd5 Nb8 9. c4 Be7 10. Be3 a6 11. Nc3 a5 12. Be2 O-O 13. O-O f5 14. Qb3 f4 15. Bb6 Qe8 16. c5 Qg6 17. Nb5 e4 18. Kh1 Bf5 19. Nc7 f3 20. gxf3 exf3 21. Bxf3 Be4 22. Bxe4 Qxe4+ 23. f3 Qh4 24. Nxa8 Rf6 25. Qe3 Rh6 26. Qf2 Qh5 27. Bc7 Bh4 28. Qg2 Rg6 29. Qe2 Rh6 30. Bxb8 Bg3 31. Bxd6 Bxh2 32. Bxh2 1-0

[Event "Slovakia Open 2022"]
[Site "Bratislava"]
[Date "2022.10.01"]
[Round "4.32"]
[White "Nikpour Aryabod"]
[Black "Park, Seonjae"]
[Result "0-1"]
[ECO "B22"]
[WhiteElo "1000"]
[BlackElo "1704"]
[Annotator "NA COMBH"]
[PlyCount "111"]
[EventDate "2022.09.30"]
[EventCountry "SVK"]
[SourceTitle "playchess.com"]
[Source "ChessBase"]
[SourceQuality "1"]
[TimeControl "2700+10"]

1. e4 c5 2. c3 Nf6 3. e5 Nd5 4. d4 cxd4 5. cxd4 d6 6. Nf3 Nc6 7. Bb5 Qa5+ 8. Nc3 Nxc3 9. Bxc6+ bxc6 10. Qd2 d5 11. Qxc3 Qxc3+ 12. bxc3 Ba6 13. Ba3 Bd3 14. Nd2 e6 15. Bxf8 Rxf8 16. f4 Ke7 17. Nb3 Rfb8 18. Nc5 Bg6 19. Na6 Rb2 20. O-O Bd3 21. Nb4 Bxf1 22. Kxf1 a5 23. Nd3 Rc2 24. Nc5 Rxc3 25. Rb1 Ra7 26. Rb2 Rc4 27. Rd2 a4 28. Kf2 Ra5 29. Nb7 Ra7 30. Nd6 Kd8 31. Nxc4 Kd7 32. Rc2 dxc4 33. Rxc4 Kc7 34. Kf3 Ra8 35. a3 Kd7 36. Ke4 Ra5 37. f5 Ra7 38. fxe6+ fxe6 39. Rb4 Ke7 40. Rb8 Ra6 41. Rc8 Kf7 42. Kd3 Rb6 43. Kc4 Rb3 44. Rxc6 Rxa3 45. Rc5 Ra2 46. Ra5 Kg6 47. Ra8 Kf7 48. Ra7+ Kf8 49. Kc5 Rxg2 50. Kd6 Rg6 51. Ra8+ Kf7 52. Rxa4 Rh6 53. Ra7+ Kf8 54. Ra2 g5 55. Rf2+ Ke8 56. Rf6 0-1

[Event "Slovakia Open 2022"]
[Site "Bratislava"]
[Date "2022.10.01"]
[Round "4.33"]
[White "Benci, Jozef"]
[Black "Ruderfer, Mark B"]
[Result "1-0"]
[ECO "B13"]
[WhiteElo "1873"]
[BlackElo "2236"]
[Annotator "TA"]
[PlyCount "61"]
[EventDate "2022.09.30"]
[EventCountry "SVK"]
[SourceTitle "playchess.com"]
[Source "ChessBase"]
[SourceQuality "1"]
[TimeControl "2700+10"]

1. e4 c6 2. d4 d5 3. exd5 cxd5 4. Bd3 Nf6 5. Bf4 Bg4 6. Ne2 {[%emt 0:01:44] [#] B13: Caro-Kann: Exchange Variation and Panov-Botvinnik Attack.} Bxe2 $146 ({Predecessor:} 6... e6 7. h3 Bh5 8. c3 Bd6 9. Qa4+ Nc6 10. Bxd6 Qxd6 11. Qa3 Qxa3 12. Nxa3 Bg6 13. Bxg6 hxg6 {0-1 (43) Borda Rodas,A (2162)-Tokman,A (2316) Villa Martelli 2021}) 7. Qxe2 Qb6 8. c3 {[%emt 0:00:36] White is slightly better.} e6 9. O-O Be7 10. Qc2 O-O 11. Nd2 Nc6 12. Nf3 h6 13. Rfe1 Rac8 (13... Rfd8 $14) 14. Qe2 ({White should play} 14. Qd2 $16) 14... a5 {[%emt 0:01:25] [#]} ({Better is} 14... Ne4 $14) 15. Ne5 ({White should try} 15. Qd2 $1 $16) 15... Nxe5 $14 16. Bxe5 a4 17. a3 Rfd8 18. Rab1 Nd7 19. Bf4 Bf8 20. Qg4 {[%emt 0:00:52] Threatens to win with Bxh6.} Kh8 (20... Nf6 $142 21. Qf3 Be7) 21. Re3 $16 {[%emt 0:01:59][%cal Be1e3,Be3h3,Bh3g3,Bg3g8][%mdl 32] White is more active.} Nf6 22. Qh4 {[%emt 0:01:08][%cal Of4h6] [#] Hoping for Bxh6!} Ne4 23. Rh3 ({But not} 23. Bxe4 $6 dxe4 24. Qh5 (24. Rxe4 Rxc3 25. Be3 Rd3 $15) 24... Rd7 $16) 23... g5 $2 {[%emt 0:04:46][%mdl 8192] This move loses the game for Black.} (23... Rd7 $16 24. f3 Nd6) 24. Bxg5 $1 $18 ({Weaker is} 24. Be5+ f6 25. Bxf6+ Nxf6 $11) 24... Rd7 25. Bxe4 (25. Bxh6 $142 f6 26. Bxf8+ Kg8 27. Bxe4 e5 28. Qh8+ Kf7 29. Rh7+ Ke6 30. Qg8+ Rf7 31. Qxf7#) 25... Kg8 26. Bxh6 f5 27. Bxf8 Rxf8 28. Rg3+ Kf7 29. Bf3 Ke8 30. Bh5+ Rff7 31. Rg8# {[%emt 0:00:10] Weighted Error Value: White=0.10 (very precise) /Black=1.14} 1-0

[Event "Slovakia Open 2022"]
[Site "Bratislava"]
[Date "2022.10.01"]
[Round "4.34"]
[White "Rehacek, Oldrich"]
[Black "Pekar, Matus"]
[Result "0-1"]
[ECO "A01"]
[WhiteElo "1366"]
[BlackElo "1679"]
[Annotator "NA COMBH"]
[PlyCount "94"]
[EventDate "2022.09.30"]
[EventCountry "SVK"]
[SourceTitle "playchess.com"]
[Source "ChessBase"]
[SourceQuality "1"]
[TimeControl "2700+10"]

1. b3 d6 2. Bb2 e5 3. e3 Nf6 4. d4 e4 5. c4 g6 6. d5 Bg7 7. Ne2 Bg4 8. Nd2 O-O 9. Qc2 Bxe2 10. Bxe2 Re8 11. O-O a5 12. a4 Nbd7 13. Rad1 Qe7 14. Bd4 c5 15. dxc6 bxc6 16. Nb1 h5 17. Rd2 Red8 18. Rfd1 h4 19. h3 Ne5 20. Qb2 Nfd7 21. Qa3 Nf8 22. c5 d5 23. Qb2 Rdb8 24. Rc1 Qg5 25. Rf1 Nf3+ 26. Bxf3 exf3 27. g4 Bxd4 28. Rxd4 Ne6 29. Rd3 Nxc5 30. Rc3 Nxa4 31. Qc2 Nxc3 32. Qxc3 Rc8 33. Nd2 Qe7 34. Nxf3 Rc7 35. Rc1 c5 36. Rd1 Qd8 37. Qe5 Rd7 38. g5 Rb8 39. Rb1 Rb4 40. Qc3 Qe7 41. Kh1 Qe4 42. Qxc5 Qxb1+ 43. Kh2 Qf5 44. Qc8+ Kg7 45. Qc3+ d4 46. exd4 Rd8 47. d5+ Kg8 0-1

[Event "Slovakia Open 2022"]
[Site "Bratislava"]
[Date "2022.10.01"]
[Round "4.35"]
[White "Kluckova, Alzbeta"]
[Black "Dubnicka, Ferdinand"]
[Result "0-1"]
[ECO "B92"]
[WhiteElo "1097"]
[BlackElo "1494"]
[Annotator "NA RC COMBH"]
[PlyCount "51"]
[EventDate "2022.09.30"]
[EventCountry "SVK"]
[SourceTitle "playchess.com"]
[Source "ChessBase"]
[SourceQuality "1"]
[TimeControl "2700+10"]

1. e4 c5 2. Nf3 d6 3. Be2 Nc6 4. d4 cxd4 5. Nxd4 Nf6 6. Nc3 a6 7. O-O e5 8. Nxc6 bxc6 9. Be3 Be7 10. Na4 O-O 11. Qd2 c5 12. b4 Nxe4 13. Qd3 Bb7 14. bxc5 dxc5 15. Qxd8 Rfxd8 16. Bd3 Rac8 17. f3 Nf6 18. c4 Rxd3 19. Bf2 e4 20. fxe4 Nxe4 21. Nb6 Rcd8 22. Na4 Nxf2 23. Kxf2 Rd2+ 24. Kg1 Bc6 25. Nb6 Bf6 26. Rab1 0-1

[Event "Slovakia Open 2022"]
[Site "Bratislava"]
[Date "2022.10.01"]
[Round "4.36"]
[White "Kostic, Ivan"]
[Black "Nedoba, Jakub"]
[Result "1-0"]
[ECO "D04"]
[WhiteElo "1716"]
[BlackElo "1160"]
[Annotator "NA COMBH"]
[PlyCount "75"]
[EventDate "2022.09.30"]
[EventCountry "SVK"]
[SourceTitle "playchess.com"]
[Source "ChessBase"]
[SourceQuality "1"]
[TimeControl "2700+10"]

1. d4 d5 2. e3 Bf5 3. Nf3 e6 4. b3 Nf6 5. Bb2 Bg6 6. Nbd2 c5 7. Bb5+ Nbd7 8. b4 cxd4 9. Nxd4 Be7 10. Be2 a6 11. c4 O-O 12. c5 Rc8 13. Rc1 a5 14. Ra1 b6 15. N4f3 bxc5 16. Nh4 Ne4 17. Nxg6 hxg6 18. bxc5 Ndxc5 19. O-O f6 20. Nf3 Kf7 21. Nh4 Qc7 22. g3 Rh8 23. Kg2 Bd6 24. Nf3 Rh7 25. Rh1 Qb8 26. Nd4 Re8 27. Qc2 Reh8 28. Rab1 Rxh2+ 29. Rxh2 Rxh2+ 30. Kxh2 Bxg3+ 31. Kg2 Bxf2 32. Rh1 Qg3+ 33. Kf1 Bxe3 34. Bf3 Nd2+ 35. Ke2 Qf2+ 36. Kd1 e5 37. Qxc5 Nb3 38. Qc7+ 1-0

[Event "Slovakia Open 2022"]
[Site "Bratislava"]
[Date "2022.10.01"]
[Round "5.1"]
[White "Korobov, Anton"]
[Black "Stocek, Jiri"]
[Result "1/2-1/2"]
[ECO "E11"]
[WhiteElo "2671"]
[BlackElo "2559"]
[Annotator "TA"]
[PlyCount "89"]
[EventDate "2022.09.30"]
[EventCountry "SVK"]
[SourceTitle "playchess.com"]
[Source "ChessBase"]
[SourceQuality "1"]
[TimeControl "2700+10"]

1. d4 Nf6 2. c4 e6 3. Nf3 Bb4+ 4. Nbd2 a5 5. a3 Be7 6. e4 {[%emt 0:00:11] E11: Bogo-Indian.} d5 7. Bd3 c5 {[%emt 0:00:41] [#]} 8. O-O $146 ({White should try} 8. cxd5 $14 exd5 9. O-O) ({Predecessor:} 8. cxd5 exd5 9. O-O O-O 10. exd5 cxd4 11. Nc4 Bg4 12. h3 Bh5 13. g4 Bg6 14. Bxg6 hxg6 15. Qxd4 Qxd5 16. Qxd5 Nxd5 {½-½ (32) Heimann,A (2574)-Bauer,C (2630) Switzerland 2018}) 8... Nc6 (8... dxe4 $1 $11 9. Nxe4 cxd4) 9. dxc5 $14 O-O 10. cxd5 exd5 11. Qc2 h6 12. h3 Be6 13. b3 dxe4 14. Nxe4 Qd5 $1 15. Nxf6+ Bxf6 16. Rb1 Nd4 $1 17. Nxd4 Bxd4 18. Be3 Bxe3 $1 19. fxe3 {[%emt 0:00:02] next Bh7+ is good for White.} Rfc8 20. Rfc1 Qe5 21. Be4 $36 {[%emt 0:01:10][%mdl 2048] White has some pressure.} Rc7 22. Kh1 Re8 23. b4 axb4 24. Rxb4 Rec8 25. Qd2 (25. Rxb7 $2 Rxc5 26. Qxc5 (26. Bh7+ $2 Kf8 $19) 26... Rxc5 $19) 25... Rd7 26. Qb2 Qg3 (26... Qg5 $11) 27. Rxb7 Rdd8 (27... Qxe3 $14 28. Rxd7 Bxd7) 28. c6 (28. Qc3 $18) 28... Bxh3 {[%emt 0:00:37] [#]} ({Black should play} 28... Qxe3 $14 29. Qb1 Qxa3) 29. Bf3 {[%emt 0:02:03] White is more active.} ({Don't go for} 29. gxh3 $2 Qxh3+ 30. Qh2 Qxe3 $19) (29. c7 $1 $16 Rd7 30. Qc2 (30. gxh3 Qxh3+ 31. Qh2 Qxe3 $11)) 29... Bg4 (29... Be6 $14) 30. Qe2 Bxf3 (30... Be6 31. Kg1 Qd6) 31. Qxf3 $18 {[%emt 0:00:02] Dancing on a razor blade.} Qxf3 (31... Qg5 32. Qxf7+ Kh8) 32. gxf3 {[%emt 0:00:02][%mdl 4096] Endgame KRR-KRR} Kf8 33. Rc4 $2 (33. c7) 33... Rd6 34. c7 {[%emt 0:01:22] Rb8 is the strong threat.} Ke7 {[%emt 0:00:11] [#]} 35. a4 $2 (35. Rb3 $1 $18) 35... Kd7 $11 {[%emt 0:00:14] The position is equal.} 36. a5 Rc6 37. Rd4+ Ke7 38. Ra4 {[%emt 0:00:25] Threatens to win with a6.} R8xc7 39. a6 Rxb7 40. axb7 {[%emt 0:00:01] KR-KR} ({Of course not} 40. Re4+ Kf8 41. axb7 Rb6 $17) 40... Rc1+ 41. Kg2 Rb1 42. Ra7 Ke6 43. e4 g5 44. Ra6+ Ke5 45. Rxh6 {[%emt 0:00:05] White really could win this.  Weighted Error Value: White=0.31/Black=0.22 (precise)} 1/2-1/2

[Event "Slovakia Open 2022"]
[Site "Bratislava"]
[Date "2022.10.01"]
[Round "5.2"]
[White "Heberla, Bartlomiej"]
[Black "Babula, Vlastimil"]
[Result "1-0"]
[ECO "B62"]
[WhiteElo "2568"]
[BlackElo "2574"]
[Annotator "TA"]
[PlyCount "128"]
[EventDate "2022.09.30"]
[EventCountry "SVK"]
[SourceTitle "playchess.com"]
[Source "ChessBase"]
[SourceQuality "1"]
[TimeControl "2700+10"]

1. e4 c5 2. Nf3 d6 3. d4 cxd4 4. Nxd4 Nf6 5. Nc3 Nc6 6. Bg5 e6 7. Bb5 Bd7 8. Qd3 {[%emt 0:00:02] B62: Sicilian: Richter-Rauzer: 6...e6: Unusual White 7th moves.} Be7 {[%emt 0:05:13] 8...h6 is the modern continuation.} 9. O-O-O Qc7 {[%emt 0:02:13] [#]} 10. Qg3 $146 {[%emt 0:12:54] White is slightly better.} ({Predecessor:} 10. Rhe1 O-O 11. Bxc6 bxc6 12. Nb3 e5 13. Bxf6 gxf6 14. f4 Kh8 15. f5 a5 16. a4 {0-1 (43) Stankovic,M (2439)-Dimic,P (2352) Vrnjacka Banja 2022}) 10... a6 11. Bxc6 bxc6 12. e5 {[%emt 0:01:43] White has more active pieces. The black rooks are badly placed.} dxe5 {[%emt 0:00:52] White must now prevent ...Nh5.} 13. Nf3 h6 (13... O-O $14) 14. Be3 ({Wrong is} 14. Nxe5 $2 Nh5 15. Bxe7 Nxg3 $19) 14... Nd5 (14... O-O-O $142) 15. Qxg7 $16 O-O-O 16. Qxe5 (16. Rd3 $142) 16... Qxe5 17. Nxe5 Nxc3 18. bxc3 ({But not} 18. Rxd7 $6 Rxd7 19. Nxd7 Nxa2+ 20. Kb1 Nc3+ 21. bxc3 Kxd7 $11) 18... Be8 19. Rxd8+ Bxd8 20. Bc5 Bc7 21. Nc4 Rg8 22. g3 Rg5 23. Bd6 f6 24. Bxc7 Kxc7 {[%emt 0:00:02][%mdl 4096] Endgame KRB-KRN} 25. Rd1 Rh5 26. h4 Rc5 27. Nd6 (27. Ne3 $14) 27... Bg6 $11 28. c4 Re5 29. Rd2 {[%emt 0:00:10] Against Re2} h5 30. Kb2 c5 31. Ka3 (31. a3 $11) 31... Re1 $15 32. Ka4 $2 (32. Kb2 $11) 32... Rb1 $1 $19 {[%emt 0:00:20] Strongly threatening ...Rb6.} 33. f3 {[%emt 0:04:46] [#]} Rf1 $2 {[%emt 0:00:38] [#]} (33... f5 $1 $19 {...Rb6 is the strong threat.} 34. Ka5 Rb6) 34. Ne4 (34. Ka5 $1 $16 ) 34... Bxe4 $11 35. fxe4 {[%emt 0:00:01] KR-KR} Rf3 36. Rd3 Rf2 37. Kb3 Re2 38. Rf3 Rxe4 39. Rxf6 Re3+ 40. c3 Kd6 41. Rh6 (41. Rg6 $5 ) 41... Rxg3 42. Rxh5 Rh3 43. Rh8 e5 44. h5 e4 45. h6 Kc7 46. h7 {[%emt 0:00:25] Hoping for Ra8.} Kb7 {[%emt 0:00:01] Prevents Ra8.} 47. Ka4 Rh2 48. a3 e3 49. Ka5 e2 (49... Rh3 {keeps more tension.} 50. a4 e2 51. Re8 Rxh7 52. Rxe2 Rh4) 50. Re8 Rxh7 51. Rxe2 {[%emt 0:00:01] aiming for Rb2+.} Rh6 (51... Rh4 $14) 52. Re7+ $16 Kb8 53. Re5 Rc6 54. Ka4 ({White should try} 54. Rg5 $16) 54... Kb7 $14 55. Ka5 ({White should play} 55. Rg5 $14) 55... Kb8 $1 $16 56. Re8+ Kb7 57. Re7+ Kb8 58. Ka4 Rb6 59. Re5 Rc6 60. Kb3 (60. Ka5 $16) 60... Kb7 $14 61. Kc2 Kb6 62. Kd3 Rh6 {[%emt 0:00:15] The position is equal.} 63. Ke4 Kc6 64. Rf5 Re6+ {[%emt 0:00:36] Weighted Error Value: White=0.25 (precise) /Black=0.17 (very precise)} 1-0

[Event "Slovakia Open 2022"]
[Site "Bratislava"]
[Date "2022.10.01"]
[Round "5.3"]
[White "Kraus, Tomas"]
[Black "Laurusas, Tomas"]
[Result "0-1"]
[ECO "B10"]
[WhiteElo "2479"]
[BlackElo "2563"]
[Annotator "TA"]
[PlyCount "81"]
[EventDate "2022.09.30"]
[EventCountry "SVK"]
[SourceTitle "playchess.com"]
[Source "ChessBase"]
[SourceQuality "1"]
[TimeControl "2700+10"]

1. c4 c6 2. e4 d5 3. cxd5 cxd5 4. exd5 Nf6 5. Bb5+ Nbd7 6. Nc3 a6 {[%emt 0:00:21] 6...g6 deserves study.} 7. Be2 b5 {[%emt 0:05:08][%cal Bb7b5,Bb5b4][%mdl 32] B10: Caro-Kann: 2 d3 and 2 c4.} 8. Nf3 b4 9. Na4 Nxd5 {[%emt 0:00:03] The position is equal.} 10. d4 e6 11. Bg5 Be7 12. Bxe7 Qxe7 13. O-O O-O 14. Qd2 $1 Bb7 15. Rac1 {[%emt 0:01:29] [#] Inhibits Bc6.} Rfd8 $146 ({Predecessor:} 15... Qf6 16. g3 Rad8 17. Rfd1 a5 18. Nc5 Nxc5 19. Rxc5 Nc3 20. bxc3 Bxf3 21. Bxf3 Qxf3 {½-½ (31) Krakovsky,P (2166)-Relyea,A (2296) ICCF email 2020}) 16. Nc5 Nxc5 17. Rxc5 Qf6 (17... Qd6 $15) 18. g3 Ne7 19. Ne5 Nf5 ({Better is} 19... b3 $11) 20. Qxb4 $14 Rab8 21. Qc3 Nxd4 {[%emt 0:00:20][%cal Rd4e2] [#]} 22. Bg4 Qg5 {[%emt 0:06:25][%cal Og5g4] aiming for ...Qxg4!} 23. Re1 h5 $40 {[%emt 0:05:14][%mdl 128] Black mounts an attack.} 24. h4 Qh6 25. Bd1 f6 26. Nf3 Bxf3 27. Bxf3 Qd2 28. Bxh5 Rxb2 29. Qxd2 Rxd2 30. Ra5 $2 (30. Rd1 $11 {and White is okay.} Rxa2 31. Bg6) 30... g6 $1 $19 31. Bd1 (31. Bxg6 Nf3+ 32. Kf1 Nxe1 33. Kxe1) 31... Nc6 $1 32. Rxa6 {[%emt 0:00:09] [#] Hoping for Bg4.} Rxd1 33. Rxd1 Rxd1+ {[%emt 0:00:02][%mdl 4096] Endgame KRN-KR} 34. Kg2 Rc1 35. g4 Rc4 36. f3 Kf7 {[%emt 0:00:02] Black is clearly winning.} 37. a4 Rc2+ 38. Kg3 Rc3 39. Kg2 Ne5 40. Ra7+ Kg8 41. a5 {[%emt 0:00:26] Weighted Error Value: White=0.26 (precise) /Black=0.05 (flawless)} 0-1

[Event "Slovakia Open 2022"]
[Site "Bratislava"]
[Date "2022.10.01"]
[Round "5.4"]
[White "Klabis, Rokas"]
[Black "Kostolansky, Sebastian Lukas"]
[Result "0-1"]
[ECO "B40"]
[WhiteElo "2396"]
[BlackElo "2398"]
[Annotator "TA"]
[PlyCount "78"]
[EventDate "2022.09.30"]
[EventCountry "SVK"]
[SourceTitle "playchess.com"]
[Source "ChessBase"]
[SourceQuality "1"]
[TimeControl "2700+10"]

1. e4 c5 2. Nf3 e6 3. d4 cxd4 4. Nxd4 Nc6 5. Nxc6 bxc6 6. Bd3 d5 7. O-O Nf6 8. Nd2 Be7 9. Qe2 O-O 10. Rd1 {[%emt 0:00:15] B40: Sicilian: 2...e6, Unusual lines.} a5 {[%emt 0:01:17] [#]} 11. h3 $146 ({Predecessor:} 11. Nf3 Bb7 12. c4 Nd7 13. Be3 Qb8 14. Rac1 Rd8 15. cxd5 cxd5 16. exd5 Bxd5 17. Bc4 Nf6 {0-1 (87) Stewart,W (2297)-Najer,E (2658) Las Vegas 2015}) 11... a4 12. Nf3 {[%emt 0:02:12] The position is equal.} Qc7 13. e5 (13. Bg5 $5 ) 13... Nd7 14. c3 c5 15. c4 Bb7 16. cxd5 Bxd5 17. Be4 Qc6 18. Bxd5 exd5 19. Bf4 (19. Bg5 $11 {remains equal.} Rfe8 20. Qc2) 19... Qe6 (19... Rfd8 $17) 20. Bg3 (20. Qd3 $11) 20... Rfb8 21. Ne1 Nf8 22. Qc2 c4 23. Nf3 a3 24. bxa3 Bxa3 ({Much worse is} 24... Rxa3 $6 25. Nd4 Qg6 26. Nf5 $11) ({Black should try} 24... Rd8 $17 25. Nd4 Qd7) 25. Rab1 (25. Nd4 $15 Qg6 26. Nf5) 25... Rxb1 $19 26. Qxb1 c3 27. Qb3 {[%emt 0:03:27][%csl LRc3,LRd5] [#]} Bb2 ({Better is} 27... Qc6 $1 $17 {aiming for ...c2.} 28. Nd4 Qc4) 28. Nd4 $15 Qd7 {[%emt 0:01:54] Hoping for ...Ne6.} 29. Nc2 Ra5 30. Bf4 h6 31. Be3 $1 Ne6 32. Qb8+ (32. Bb6 $11 {keeps the balance.} Rb5 33. Qa4) 32... Kh7 $17 {[%emt 0:00:04] Strongly threatening ...d4.} 33. Qd6 $2 (33. Kh2 $17) 33... Qa4 $19 34. Rxd5 Rxd5 35. Qxd5 Qxc2 36. Qd7 Qf5 (36... Bc1 $142 37. Bxc1 Qxc1+ 38. Kh2 c2) 37. Qb5 Qb1+ 38. Kh2 c2 {[%emt 0:00:30] [#] ( -> ...Bc1)} 39. Qd3+ Kg8 {[%emt 0:00:01] Weighted Error Value: White=0.95/Black=0.33} 0-1